 Dungeon Crawl Stone Soup version 0.19-a0-1637-gfc13266 (webtiles) character file.

180 4thArraOfDagon the Ruffian (level 5, 0/48 HPs)
             Began as a Troll Warper on Sept 19, 2016.
             Slain by a mummy (12 damage)
             ... in an ossuary.
             The game lasted 00:03:15 (655 turns).

4thArraOfDagon the Ruffian (Troll Warper)            Turns: 655, Time: 00:03:15

Health: 0/48       AC:  5    Str: 19    XL:     5   Next: 33%
Magic:  5/5        EV: 10    Int: 10    God:    Xom [..*...]
Gold:   26         SH:  0    Dex:  9    Spells: 1 memorised, 5 levels left

rFire  . . .     SeeInvis .       - Unarmed
rCold  . . .     Gourm    +     a - +0 robe
rNeg   . . .     Faith    .     (no shield)
rPois  .         Spirit   .     (helmet restricted)
rElec  .         Dismiss  .     (no cloak)
rCorr  .         Reflect  .     (gloves unavailable)
MR     .....     Harm     .     (boots unavailable)
Stlth  +.........               (no amulet)
                                (no ring)
                                (no ring)

@: no status effects
A: unfitting armour, claws 3, fast metabolism 3, gourmand, regeneration 1,
shaggy fur 1, tough skin 2
a: Renounce Religion


You were in an ossuary.
You worshipped Xom.
You were a toy of Xom.
You were very full.

You visited 1 branch of the dungeon, and saw 4 of its levels.
You also visited: Ossuary.

You collected 26 gold pieces.

Inventory:

Missiles
 d - 5 tomahawks of dispersal (quivered)
Armour
 a - a +0 robe (worn)
Scrolls
 c - 3 scrolls of blinking
 e - a scroll of recharging {unknown}
 g - 2 scrolls of teleportation
 h - 2 scrolls of noise {unknown}
 i - 3 scrolls of amnesia {unknown}
 l - 2 scrolls of random uselessness {unknown}
 m - a scroll of fear {unknown}
 o - a scroll of enchant armour {unknown}
 q - 3 scrolls of identify {unknown}
 s - 3 scrolls of immolation {unknown}
Potions
 j - 2 potions of agility {unknown}
 n - a potion of brilliance {unknown}
 p - a potion of lignification {unknown}
 r - 2 potions of magic {unknown}
Books
 b - a book of Spatial Translocations

   Spells                             Type                      Level
   a - Apportation                    Translocation                1
   b - Blink                          Translocation                2
   c - Shroud of Golubria             Charms/Translocation         2
   d - Portal Projectile              Translocation                3
   e - Teleport Other                 Translocation                3
   f - Passage of Golubria            Translocation                4
Comestibles
 f - 2 bread rations
 k - a meat ration


   Skills:
 - Level 1.5 Fighting
 - Level 0.8 Throwing
 - Level 1.9 Dodging
 * Level 5.6 Unarmed Combat
 - Level 1.2 Spellcasting
 - Level 2.1 Translocations


You had 5 spell levels left.
You knew the following spells:

 Your Spells              Type           Power        Failure   Level  Hunger
a - Apportation           Tloc           #.........   14%         1    ##.....


Dungeon Overview and Level Annotations

Branches:
Dungeon (4/15)
 Temple: D:4-7

Altars:
Vehumet
Xom

Annotations:
D:3 Ijustatesigmund's ghost, amateur DEWz


Innate Abilities, Weirdness & Mutations

You are too large for most types of armour.
You have claws for hands.
Your metabolism is lightning-fast.
You like to eat raw meat.
Your natural rate of healing is unusually fast.
You are covered in fur. (AC +1)
You have very tough skin. (AC +2)


Message History

A mummy and a skeleton come into view.
Found a white potion.
The mummy hits you!!
There is an open door, spattered with blood here.
You barely miss the mummy. You scratch the mummy.
The mummy is moderately damaged.
The mummy hits you!
* * * LOW HITPOINT WARNING * * *
You are too injured to fight recklessly!
You are too injured to fight recklessly!
You are too injured to fight recklessly!
You scratch the mummy.
The mummy is moderately damaged.
Unknown command.
You claw the mummy!
The mummy is almost destroyed.
The mummy hits you!
You die... "This toy is broken."

### ##'## #..+#
####..'..^.'
#∩###...# #..
#####.###
#..'....+ ##+##
### ### #
#∩###...#
##...###?### ##
### ##+##
#'...'..^..## ##.
Z
##...#####..####..
. ##'## ##..##..#
#...#####.#
##^'..## #..ZM@..#
###### ###!##### #


You could see a mummy and a goblin skeleton.

Vanquished Creatures
  11 mummies (Ossuary)
  An adder (D:2)
  2 worms
  4 bats
  A giant cockroach (D:2)
  3 hobgoblins
  4 jackals (D:4)
  A frilled lizard (D:1)
  A goblin skeleton (Ossuary)
  2 kobolds
  2 kobold skeletons (Ossuary)
  4 orc skeletons (Ossuary)
  2 rats
  11 rat skeletons (Ossuary)
  A rat zombie (D:4)
50 creatures vanquished.

Notes
Turn   | Place    | Note
-------+----------+-------------------------------------------
     0 | D:1      | 4thArraOfDagon the Troll Warper began the quest for the Orb.
     0 | D:1      | Reached XP level 1. HP: 19/19 MP: 1/1
    87 | D:2      | Found a shimmering altar of Xom.
    90 | D:2      | Found a shimmering altar of Xom.
    90 | D:2      | Found a shimmering altar of Xom.
    91 | D:2      | Found a shimmering altar of Xom.
    91 | D:2      | Found a shimmering altar of Xom.
    91 | D:2      | Found a shimmering altar of Xom.
    92 | D:2      | Became a worshipper of Xom the Unpredictable
   105 | D:2      | Found a radiant altar of Vehumet.
   159 | D:2      | Reached skill level 3 in Unarmed Combat
   159 | D:2      | Reached XP level 2. HP: 16/27 MP: 2/2
   262 | D:1      | XOM: cloud trail
   335 | D:3      | XOM: potion effect (berserk rage)
   339 | D:3      | Reached XP level 3. HP: 23/33 MP: 3/3
   353 | D:3      | Noticed Ijustatesigmund's ghost (amateur DEWz)
   392 | D:4      | Found a sand-covered staircase.
   397 | Ossuary  | Entered an ossuary
   415 | Ossuary  | XOM: noise
   418 | Ossuary  | Reached skill level 4 in Unarmed Combat
   423 | Ossuary  | XOM: butterfly on damage
   430 | Ossuary  | Reached XP level 4. HP: 21/41 MP: 4/4
   475 | Ossuary  | XOM: divination: detect creatures
   536 | Ossuary  | Reached skill level 5 in Unarmed Combat
   564 | Ossuary  | Reached XP level 5. HP: 42/48 MP: 5/5
   608 | Ossuary  | XOM: cast spell 'Summon Ice Beast'
   655 | Ossuary  | Slain by a mummy

Vault maps used:
D:1:      minmay_arrival_open_corners
D:2:      fiery_altar_vehumet, xom_redecorated
D:4:      first_bread, enter_ossuary_4
Ossuary:  ossuary_due_small_catacomb

Skill      XL: |  1  2  3  4 |
---------------+-------------+-----
Unarmed Combat | 3 4 5 |  5.6
Fighting       | |  1.5
Throwing       | |  0.8
Dodging        | |  1.9
Spellcasting   | |  1.2
Translocations | |  2.1

Action                   |  1- 3 |  4- 6 || total
-------------------------+-------+-------++-------
Melee: Unarmed           |    78 |    68 ||   146
       Punch             |       |     1 ||     1
  Use: Scroll            |     3 |       ||     3
  Eat: Chunk             |    10 |       ||    10
Armor: Robe              |    33 |    13 ||    46
Dodge: Dodged            |    44 |    23 ||    67
